 Dungeon Crawl Stone Soup version 0.26.0-10-g1f06aea511 (webtiles) character file.

Game seed: 7271687729868643931

42 inc the Scratcher (level 3, 0/17 HPs)
             Began as a Felid Chaos Knight on Feb 2, 2021.
             Was a Plaything of Xom.
             Succumbed to an adder's poison
             ... on level 2 of the Dungeon.
             The game lasted 00:02:38 (1957 turns).

inc the Scratcher (Felid Chaos Knight)              Turns: 1957, Time: 00:02:38

Health: 0/17       AC:  1    Str:  8    XL:     3   Next: 33%
Magic:  4/4        EV: 18    Int: 14    God:    Xom [......]
Gold:   69         SH:  0    Dex: 15    Spells: 2/2 levels left
                                        Lives:  0   Deaths: 0

rFire    . . .     SeeInvis +     - Unarmed
rCold    . . .     Faith    .   (shield unavailable)
rNeg     . . .     Spirit   .   (armour unavailable)
rPois    .         Reflect  .   (helmet unavailable)
rElec    .         Harm     .   (cloak unavailable)
rCorr    .         Rampage  .   (gloves unavailable)
Will     .....                  (boots unavailable)
Stlth    +.........             (no amulet)
HPRegen  0.05/turn              (no ring)
MPRegen  0.09/turn              (no ring)

@: brilliant, lethally poisoned (0 -> -3), flying, quick
A: very small, no armour, no weapons or thrown items, stealth, claws 1, fangs 3,
see invisible, speed 1, shaggy fur 1, sharp paws
a: Renounce Religion


You were on level 2 of the Dungeon.
You worshipped Xom.
You were a very special plaything of Xom.
You visited 1 branch of the dungeon, and saw 3 of its levels.

You collected 69 gold pieces.

Inventory:

Scrolls
 b - a scroll of identify {unknown}


   Skills:
 - Level 3.0 Fighting
 - Level 3.2 Dodging
 + Level 4.4 Unarmed Combat


You had 2 spell levels left.
You didn't know any spells.
Your spell library was empty.

Dungeon Overview and Level Annotations

Branches:
Dungeon (3/15)

Altars:
Ru


Innate Abilities, Weirdness & Mutations

You cannot wear armour.
You are incapable of wielding weapons or throwing items.
Your paws allow you to move quietly. (Stealth)
You have sharp claws.
You have razor-sharp teeth.
You have supernaturally acute eyesight. (SInv)
You cover ground quickly.
You are covered in fur. (AC +1)
Your sharp claws are effective at attacking unaware monsters.


Message History

You fly up into the air.
Xom thinks this is hilarious!
The quokka closely misses you.
It was a potion of brilliance.
You feel clever all of a sudden.
Xom roars with laughter!
The quokka completely misses you.
* * * LOW HITPOINT WARNING * * *
You feel sick.
There is a stone staircase leading up here.
The quokka barely misses you.
You fly upwards.
The hobgoblin shouts!
There is a stone staircase leading down here.
* * * LOW HITPOINT WARNING * * *
You feel sick. The hobgoblin hits you with a +0 club.
* * * LOW HITPOINT WARNING * * *
The quokka twitches its whiskers.
You die...
Xom laughs nastily!

#..........
#..........
#.#>.......
#.#........
#.#g.......
#.#.######.
#.#r# #.#.#
#.#@# #.#
#.# #.# #.#
#.. ###


You could see a quokka and a hobgoblin.

Vanquished Creatures
  A leopard gecko (D:2)
  3 bats (D:1)
  5 giant cockroaches
  4 goblins
  6 hobgoblins (D:1)
  4 jackals (D:1)
  A ball python (D:1)
  4 frilled lizards
  6 kobolds
  2 rats (D:1)
36 creatures vanquished.

Notes
Turn   | Place    | Note
-------+----------+-------------------------------------------
     0 | D:1      | inc the Felid Chaos Knight began the quest for the Orb.
     0 | D:1      | Reached XP level 1. HP: 10/10 MP: 2/2
    93 | D:1      | XOM: silly message
   445 | D:1      | Reached XP level 2. HP: 9/14 MP: 3/3
   760 | D:1      | XOM: cloud trail
   780 | D:1      | XOM: butterfly on damage
   834 | D:1      | XOM: butterfly on damage
  1141 | D:1      | XOM: cloud trail
  1220 | D:1      | Reached skill level 4 in Unarmed Combat
  1224 | D:1      | XOM: 1-stop teleportation journey
  1418 | D:1      | Reached XP level 3. HP: 10/17 MP: 4/4
  1841 | D:2      | Found a sacrificial altar of Ru.
  1957 | D:2      | Succumbed to an adder's poison

Illustrated notes

Levels and vault maps discovered:
D:1:      ncdulo_halloftheorcs, layout_loops_ring, serial_glass,
          glass_columns_a, glass_columns_c, due_unseen_surprise,
          feat_on_display, feat_on_display, minmay_strange_pillars,
          minmay_misc_feat_five
D:2:      layout_basic, st_stairs_4, lemuel_altar_in_water, uniq_robin
D:3:      layout_basic, gammafunk_temple_overflow_pools, serial_glass,
          glass_columns_b, glass_columns_c, feat_on_display, feat_on_display,
          minmay_strange_pillars, feat_on_display, minmay_misc_feat_enclosed,
          minmay_stone_trees_small, minmay_misc_feat_four_crosses

Skill      XL: |  1  2 |
---------------+-------+-----
Unarmed Combat | 4 |  4.4
Fighting       | |  3.0
Dodging        | |  3.2

Action                   || total
-------------------------++-------
Melee: Unarmed           ||   109
       Bite              ||     7
  Use: Potion            ||     2
 Stab: Sleeping          ||     3
Armor: Skin              ||     9
Dodge: Dodged            ||   113
